[ AOE2 MATCH · #505475248 ]
UnrankedDravidians vs Jurchens
Player's team · WIN
Rival team · LOSS
[ REPLAY ANALYSIS · EXTRACTED FROM THE RECORDED GAME ]
Feudal
10:30
Castle
21:55
Imperial
38:37
| APM avg | 54.8 |
| APM peak | 93 |
| eAPM avg | 32.1 |
| Villagers / military | 196 / 110 |
Focus
⚔️ 41.1% · 🌾 58.9%
Elephant Archer ×66 · Skirmisher ×22 · Archer ×7 · Militia ×4 · Mangonel ×3 · Monk ×2
Feudal
8:27
Castle
22:15
Imperial
41:02
| APM avg | 55.2 |
| APM peak | 119 |
| eAPM avg | 24.6 |
| Villagers / military | 144 / 157 |
Focus
⚔️ 38.5% · 🌾 61.5%
Skirmisher ×53 · Cavalry Archer ×34 · Scout Cavalry ×33 · Archer ×13 · Monk ×8 · Spearman ×6
Match map
Initial resources + every placement click. Lines = walls · curves = elevation contours. ◆ gold · ⬟ stone · ● berries · ✦ relic · ◌ wall gap
Your base· ✓ Closed at 21:55 · 55t walls · no gate
[GDL] Nicky's base· ✓ Closed at 22:15 · 53t walls · no gate
Smoothed initial terrain · ◌ = detected wall gap · hover for details
Inputs per minute
— The nicest husband - - [GDL] Nicky
Build order — The nicest husband
First 150 of 508 actions detected
| 0:00 | Queue | Villager (Male) ×4 |
| 0:02 | Build | House |
| 0:04 | Build | House |
| 1:29 | Queue | Villager (Male) |
| 1:49 | Queue | Villager (Male) |
| 1:49 | Queue | Villager (Male) |
| 1:50 | Build | Lumber Camp |
| 2:20 | Queue | Villager (Male) |
| 2:49 | Queue | Villager (Male) |
| 2:50 | Queue | Villager (Male) |
| 3:30 | Queue | Villager (Male) |
| 3:30 | Queue | Villager (Male) |
| 3:49 | Build | House |
| 4:00 | Queue | Villager (Male) |
| 4:00 | Queue | Villager (Male) |
| 4:33 | Build | Barracks |
| 4:37 | Queue | Villager (Male) |
| 4:37 | Queue | Villager (Male) |
| 4:38 | Queue | Villager (Male) |
| 4:59 | Build | House |
| 5:46 | Queue | Militia |
| 5:46 | Queue | Militia |
| 5:46 | Queue | Militia |
| 5:49 | Queue | Villager (Male) |
| 5:51 | Queue | Militia |
| 5:59 | Queue | Villager (Male) |
| 6:24 | Build | Mill |
| 6:44 | Queue | Villager (Male) |
| 6:47 | Build | Palisade Wall |
| 7:00 | Build | Palisade Wall |
| 7:16 | Queue | Villager (Male) |
| 7:25 | Build | House |
| 7:30 | Build | Palisade Wall |
| 7:37 | Build | House |
| 7:43 | Research | Loom |
| 7:43 | Research | Loom |
| 8:05 | Build | Palisade Wall |
| 8:17 | Build | Palisade Wall |
| 8:20 | Research | Feudal Age |
| 8:36 | Build | Palisade Wall |
| 9:01 | Build | Mining Camp |
| 9:15 | Queue | Villager (Male) |
| 9:17 | Build | Palisade Wall |
| 9:18 | Build | Palisade Wall |
| 9:24 | Build | Palisade Wall |
| 10:16 | Queue | Villager (Male) |
| 10:30 | Age | Feudal Age |
| 10:32 | Research | Man-at-Arms (upgrade) |
| 10:33 | Research | Double-Bit Axe |
| 10:39 | Build | Archery Range |
| 10:54 | Queue | Villager (Male) |
| 10:57 | Research | Horse Collar |
| 10:57 | Research | Horse Collar |
| 11:01 | Build | Farm |
| 11:02 | Build | Farm |
| 11:14 | Research | Arson |
| 11:15 | Research | Arson |
| 11:15 | Queue | Villager (Male) |
| 11:28 | Queue | Skirmisher |
| 11:34 | Build | Farm |
| 11:36 | Build | Farm |
| 11:42 | Queue | Villager (Male) |
| 11:48 | Build | House |
| 11:54 | Queue | Archer |
| 11:55 | Queue | Archer |
| 11:57 | Queue | Villager (Male) |
| 12:07 | Build | House |
| 12:18 | Queue | Villager (Male) |
| 12:18 | Queue | Villager (Male) |
| 12:22 | Build | Farm |
| 12:25 | Queue | Villager (Male) |
| 12:30 | Queue | Archer |
| 12:32 | Queue | Spearman |
| 12:32 | Queue | Spearman |
| 12:40 | Build | House |
| 12:51 | Build | House |
| 12:54 | Queue | Archer |
| 12:56 | Queue | Villager (Male) |
| 13:58 | Queue | Villager (Male) |
| 14:00 | Queue | Archer |
| 14:01 | Queue | Villager (Male) |
| 14:04 | Build | Blacksmith |
| 14:23 | Queue | Skirmisher |
| 14:25 | Queue | Villager (Male) |
| 14:29 | Build | Farm |
| 14:29 | Build | Farm |
| 14:44 | Queue | Skirmisher |
| 15:06 | Research | Fletching |
| 15:06 | Queue | Villager (Male) |
| 15:08 | Build | Farm |
| 15:10 | Queue | Villager (Male) |
| 15:21 | Queue | Skirmisher |
| 15:22 | Queue | Villager (Male) |
| 15:24 | Build | Farm |
| 15:26 | Build | Farm |
| 15:31 | Queue | Villager (Male) |
| 15:43 | Queue | Villager (Male) |
| 15:43 | Queue | Villager (Male) |
| 15:55 | Queue | Villager (Male) |
| 15:57 | Build | Lumber Camp |
| 15:58 | Queue | Villager (Male) |
| 16:18 | Queue | Villager (Male) |
| 16:19 | Build | Farm |
| 16:21 | Build | Farm |
| 16:22 | Queue | Skirmisher |
| 16:49 | Build | Farm |
| 16:50 | Build | Farm |
| 16:55 | Queue | Villager (Male) |
| 16:59 | Queue | Villager (Male) |
| 17:06 | Queue | Skirmisher |
| 17:14 | Build | House |
| 17:16 | Build | House |
| 18:08 | Queue | Villager (Male) |
| 18:38 | Build | Farm |
| 18:40 | Build | Farm |
| 18:41 | Build | Farm |
| 19:15 | Research | Castle Age |
| 19:15 | Research | Castle Age |
| 19:33 | Queue | Villager (Male) |
| 19:53 | Queue | Villager (Male) |
| 19:55 | Build | Farm |
| 19:56 | Queue | Villager (Male) |
| 20:07 | Build | Archery Range |
| 20:11 | Queue | Archer |
| 20:13 | Queue | Villager (Male) |
| 20:19 | Research | Gold Mining |
| 20:23 | Queue | Villager (Male) |
| 20:25 | Build | Lumber Camp |
| 20:28 | Queue | Archer |
| 20:36 | Research | Padded Archer Armor |
| 20:56 | Build | Farm |
| 20:58 | Build | Farm |
| 21:04 | Research | Wheelbarrow |
| 21:16 | Build | House |
| 21:55 | Age | Castle Age |
| 21:57 | Queue | Elephant Archer |
| 21:58 | Research | Bodkin Arrow |
| 22:00 | Queue | Elephant Archer |
| 22:01 | Queue | Villager (Male) |
| 22:15 | Research | Bow Saw |
| 22:15 | Research | Bow Saw |
| 22:22 | Build | Town Center |
| 22:32 | Queue | Elephant Archer |
| 22:33 | Queue | Elephant Archer |
| 22:34 | Queue | Villager (Male) |
| 22:58 | Research | Leather Archer Armor |
| 23:12 | Queue | Elephant Archer |
| 23:12 | Queue | Elephant Archer |
| 23:18 | Build | Farm |
| 23:19 | Build | Farm |
Build order — [GDL] Nicky
First 150 of 460 actions detected
| 0:00 | Queue | Villager (Male) ×4 |
| 0:02 | Build | House |
| 0:03 | Build | House |
| 1:27 | Queue | Villager (Male) |
| 1:45 | Build | Lumber Camp |
| 1:52 | Queue | Villager (Male) |
| 2:05 | Queue | Villager (Male) |
| 2:05 | Queue | Villager (Male) |
| 2:42 | Queue | Villager (Male) |
| 3:12 | Queue | Villager (Male) |
| 3:40 | Queue | Villager (Male) |
| 3:41 | Queue | Villager (Male) |
| 3:48 | Build | House |
| 3:49 | Build | House |
| 3:56 | Build | House |
| 4:36 | Queue | Villager (Male) |
| 4:36 | Queue | Villager (Male) |
| 4:36 | Queue | Villager (Male) |
| 4:56 | Build | Mill |
| 5:15 | Queue | Villager (Male) |
| 5:46 | Research | Loom |
| 6:17 | Research | Feudal Age |
| 6:18 | Research | Feudal Age |
| 6:18 | Research | Feudal Age |
| 6:28 | Build | House |
| 6:50 | Build | Palisade Wall |
| 6:51 | Build | Palisade Wall |
| 7:04 | Build | Palisade Wall |
| 7:07 | Build | Palisade Wall |
| 7:12 | Build | Palisade Wall |
| 7:22 | Build | Palisade Wall |
| 7:23 | Build | Palisade Wall |
| 7:23 | Build | Palisade Wall |
| 7:56 | Queue | Villager (Male) |
| 8:12 | Build | Barracks |
| 8:27 | Age | Feudal Age |
| 8:32 | Research | Double-Bit Axe |
| 8:36 | Research | Horse Collar |
| 8:48 | Queue | Villager (Male) |
| 9:15 | Queue | Villager (Male) |
| 9:31 | Build | Stable |
| 9:36 | Queue | Villager (Male) |
| 10:00 | Build | Mining Camp |
| 10:02 | Queue | Villager (Male) |
| 10:11 | Queue | Villager (Male) |
| 10:35 | Queue | Villager (Male) |
| 10:55 | Queue | Villager (Male) |
| 11:01 | Build | Palisade Wall |
| 11:03 | Queue | Villager (Male) |
| 11:18 | Research | Town Watch |
| 11:26 | Build | Archery Range |
| 11:28 | Queue | Villager (Male) |
| 11:55 | Build | Blacksmith |
| 11:57 | Queue | Villager (Male) |
| 12:09 | Build | Farm |
| 12:23 | Build | House |
| 12:26 | Queue | Archer |
| 12:35 | Queue | Villager (Male) |
| 12:41 | Build | Watch Tower |
| 12:43 | Queue | Villager (Male) |
| 12:44 | Research | Fletching |
| 12:45 | Queue | Archer |
| 13:03 | Queue | Archer |
| 13:07 | Build | House |
| 13:08 | Build | Palisade Wall |
| 13:25 | Queue | Archer |
| 13:25 | Queue | Villager (Male) |
| 13:55 | Queue | Villager (Male) |
| 13:58 | Build | Farm |
| 14:00 | Build | Farm |
| 14:03 | Build | Farm |
| 14:05 | Queue | Archer |
| 14:20 | Queue | Villager (Male) |
| 14:26 | Build | Farm |
| 14:28 | Build | Farm |
| 14:40 | Queue | Villager (Male) |
| 14:44 | Build | Mill |
| 14:53 | Build | Farm |
| 14:55 | Build | Farm |
| 14:56 | Queue | Villager (Male) |
| 15:03 | Build | Farm |
| 15:06 | Queue | Villager (Male) |
| 15:09 | Build | House |
| 15:12 | Build | Palisade Wall |
| 15:13 | Queue | Villager (Male) |
| 15:17 | Queue | Villager (Male) |
| 15:22 | Build | Palisade Wall |
| 15:23 | Queue | Archer |
| 15:26 | Queue | Archer |
| 15:56 | Build | Farm |
| 16:02 | Queue | Villager (Male) |
| 16:11 | Queue | Archer |
| 16:19 | Queue | Archer |
| 16:34 | Queue | Archer |
| 16:44 | Queue | Archer |
| 16:51 | Build | Farm |
| 16:56 | Build | Palisade Wall |
| 17:03 | Build | House |
| 17:18 | Research | Wheelbarrow |
| 17:23 | Queue | Scout Cavalry |
| 17:41 | Queue | Archer |
| 17:57 | Queue | Archer |
| 17:58 | Queue | Scout Cavalry |
| 18:12 | Queue | Villager (Male) |
| 18:20 | Build | House |
| 18:21 | Build | House |
| 18:26 | Build | House |
| 19:04 | Queue | Villager (Male) |
| 19:31 | Queue | Villager (Male) |
| 19:35 | Research | Castle Age |
| 19:36 | Research | Castle Age |
| 19:39 | Build | House |
| 19:41 | Build | House |
| 20:00 | Build | Lumber Camp |
| 20:08 | Build | Palisade Wall |
| 20:44 | Build | Lumber Camp |
| 20:56 | Build | Archery Range |
| 20:59 | Build | Archery Range |
| 21:03 | Research | Padded Archer Armor |
| 21:04 | Research | Bloodlines |
| 21:44 | Build | House |
| 21:46 | Build | House |
| 21:49 | Queue | Villager (Male) |
| 22:15 | Age | Castle Age |
| 22:18 | Queue | Cavalry Archer |
| 22:18 | Queue | Cavalry Archer |
| 22:19 | Queue | Cavalry Archer |
| 22:19 | Queue | Cavalry Archer |
| 22:26 | Research | Bow Saw |
| 22:39 | Build | University |
| 22:40 | Build | House |
| 22:43 | Queue | Villager (Male) |
| 22:46 | Research | Bodkin Arrow |
| 22:47 | Queue | Cavalry Archer |
| 22:52 | Queue | Villager (Male) |
| 23:08 | Queue | Cavalry Archer |
| 23:18 | Research | Gold Mining |
| 23:26 | Queue | Villager (Male) |
| 23:38 | Build | Market |
| 23:40 | Queue | Cavalry Archer |
| 23:40 | Queue | Cavalry Archer |
| 23:40 | Queue | Cavalry Archer |
| 23:50 | Build | Farm |
| 23:50 | Build | Farm |
| 23:52 | Build | Farm |
| 23:55 | Queue | Cavalry Archer |
| 23:56 | Queue | Villager (Male) |
| 24:07 | Build | Farm |
| 24:11 | Queue | Villager (Male) |
| 24:16 | Build | Monastery |
Match timeline
| 4:33 | The nicest husband · first_building Barracks |
| 6:47 | The nicest husband · wall_segment Palisade Wall x9 |
| 6:50 | [GDL] Nicky · wall_segment Palisade Wall x1 |
| 6:51 | [GDL] Nicky · wall_segment Palisade Wall x1 |
| 7:00 | The nicest husband · wall_segment Palisade Wall x12 |
| 7:04 | [GDL] Nicky · wall_segment Palisade Wall x2 |
| 7:07 | [GDL] Nicky · wall_segment Palisade Wall x1 |
| 7:12 | [GDL] Nicky · wall_segment Palisade Wall x1 |
| 7:22 | [GDL] Nicky · wall_segment Palisade Wall x1 |
| 7:23 | [GDL] Nicky · wall_segment Palisade Wall x1 |
| 7:23 | [GDL] Nicky · wall_segment Palisade Wall x1 |
| 7:30 | The nicest husband · wall_segment Palisade Wall x6 |
| 8:05 | The nicest husband · wall_segment Palisade Wall x8 |
| 8:12 | [GDL] Nicky · first_building Barracks |
| 8:17 | The nicest husband · wall_segment Palisade Wall x9 |
| 8:27 | [GDL] Nicky · age_up feudal |
| 8:36 | The nicest husband · wall_segment Palisade Wall x3 |
| 9:17 | The nicest husband · wall_segment Palisade Wall x4 |
| 9:18 | The nicest husband · wall_segment Palisade Wall x5 |
| 9:24 | The nicest husband · wall_segment Palisade Wall x1 |
| 9:31 | [GDL] Nicky · first_building Stable |
| 10:30 | The nicest husband · age_up feudal |
| 10:39 | The nicest husband · first_building Archery Range |
| 11:01 | [GDL] Nicky · wall_segment Palisade Wall x1 |
| 11:26 | [GDL] Nicky · first_building Archery Range |
| 13:08 | [GDL] Nicky · wall_segment Palisade Wall x2 |
| 15:12 | [GDL] Nicky · wall_segment Palisade Wall x14 |
| 15:22 | [GDL] Nicky · wall_segment Palisade Wall x3 |
| 16:56 | [GDL] Nicky · wall_segment Palisade Wall x16 |
| 20:08 | [GDL] Nicky · wall_segment Palisade Wall x9 |
| 21:55 | The nicest husband · age_up castle |
| 22:15 | [GDL] Nicky · age_up castle |
| 24:16 | [GDL] Nicky · first_building Monastery |
| 26:29 | The nicest husband · first_building Siege Workshop |
| 26:40 | [GDL] Nicky · first_building Siege Workshop |
| 28:26 | [GDL] Nicky · first_market_sell 100 wood |
| 28:27 | [GDL] Nicky · first_market_buy 100 stone |
| 31:32 | The nicest husband · first_market_buy 100 stone |
| 33:01 | The nicest husband · first_building Monastery |
| 36:39 | The nicest husband · first_building Castle |
| 38:37 | The nicest husband · age_up imperial |
| 38:50 | The nicest husband · first_market_sell 500 wood |
| 39:39 | [GDL] Nicky · first_building Castle |
| 41:02 | [GDL] Nicky · age_up imperial |
| 41:30 | The nicest husband · wall_segment Stone Wall x12 |
| 41:35 | The nicest husband · wall_segment Stone Wall x9 |
| 41:37 | The nicest husband · wall_segment Stone Wall x6 |
| 41:41 | The nicest husband · wall_segment Stone Wall x10 |
| 41:46 | The nicest husband · wall_segment Stone Wall x7 |
| 43:44 | The nicest husband · wall_segment Stone Wall x1 |
| 44:38 | The nicest husband · wall_segment Stone Wall x8 |
| 45:30 | [GDL] Nicky · resign |
[ AI ANALYSIS · 1 CREDIT ]
What really happened in this match?
Wolo.gg analyzes every decision: build order, eco, micro, common mistakes by bracket. Personalized analysis on WhatsApp or Discord in 30 seconds.
Civ guide
Dravidians
Perfil
Jugador #262424